 Dungeon Crawl Stone Soup version 0.19.5 (webtiles) character file.

141 empire the Conjurer (level 5, -5/35 HPs)
             Began as a Mummy Conjurer on Mar 8, 2017.
             Slain by Thomus's ghost (10 damage)
             ... on level 3 of the Dungeon.
             The game lasted 00:06:00 (3675 turns).

empire the Conjurer (Mummy Conjurer)                Turns: 3675, Time: 00:06:00

Health: -5/35      AC:  2    Str: 11    XL:     5   Next: 3%
Magic:  7/9        EV: 12    Int: 15    God:
Gold:   143        SH:  0    Dex: 13    Spells: 3 memorised, 2 levels left

rFire  x . .     SeeInvis .     a - +2 dagger (venom)
rCold  + . .     Gourm    .     d - +0 robe
rNeg   + + +     Faith    .     (no shield)
rPois  ∞         Spirit   .     (no helmet)
rElec  .         Reflect  .     (no cloak)
rCorr  .         Harm     .     (no gloves)
MR     .....                    (no boots)
Stlth  ++........               (no amulet)
                                (no ring)
                                (no ring)

@: no status effects
A: no food or potions, fire vulnerability, cold resistance 1, negative energy
resistance 3, torment resistance, unbreathing
a: no special abilities


You were on level 3 of the Dungeon.
You were not hungry.

You visited 1 branch of the dungeon, and saw 3 of its levels.

You collected 143 gold pieces.

Inventory:

Hand Weapons
 a - a +2 dagger of venom (weapon)
Missiles
 e - 7 exploding tomahawks (quivered)
Armour
 d - a +0 robe (worn)
Scrolls
 h - a scroll of remove curse
Books
 b - a book of Conjurations

   Spells                             Type                      Level
   a - Magic Dart                     Conjuration                  1
   b - Searing Ray                    Conjuration                  2
   c - Dazzling Spray                 Conjuration/Hexes            3
   d - Fulminant Prism                Conjuration/Hexes            4
   e - Iskenderun's Mystic Blast      Conjuration                  4
   f - Iskenderun's Battlesphere      Conjuration/Charms           5


   Skills:
 - Level 1.5 Dodging
 - Level 1.5 Stealth
 - Level 3.3 Spellcasting
 * Level 4.6 Conjurations


You had 2 spell levels left.
You knew the following spells:

 Your Spells              Type           Power        Failure   Level  Hunger
a - Magic Dart            Conj           ###.         3%          1    N/A
b - Dazzling Spray        Conj/Hex       #.....       24%         3    N/A
c - Iskenderun's Mystic   Conj           ###.....     34%         4    N/A

Dungeon Overview and Level Annotations

Branches:
Dungeon (3/15)

Altars:
Qazlal
Yredelemnul

Annotations:
D:3 Terence; Thomus's ghost, amateur MiGl


Innate Abilities, Weirdness & Mutations

You do not eat or drink.
Your flesh is vulnerable to fire.
You are immune to poison.
Your flesh is cold resistant. (rC+)
You are immune to negative energy. (rN+++)
You are immune to unholy pain and torment.
You can survive without breathing.


Message History

A leopard gecko comes into view.
The leopard gecko hisses angrily.
Terence the Incautious comes into view.
He is wielding a short sword.
Terence shouts!
Found 16 gold pieces.
Found a basalt altar of Yredelemnul.
Found a stone staircase leading down.
Thomus's ghost (amateur Minotaur Gladiator) comes into view.
There is a basalt altar of Yredelemnul here.
As you read the scroll of fog, it crumbles to dust.
The scroll dissolves into smoke.
As you read the scroll labeled KUEM VOAPSI, it crumbles to dust.
You feel aware of your surroundings.
You sensed 5 altars.
It was a scroll of magic mapping.
The leopard gecko closely misses you.
A dart slug comes into view.
Okay, then.
Unknown command.
Press < or > to pray at altars.
The leopard gecko barely misses you. Thomus's ghost hits you!
You die...

*,*****#.##>###*** *,*
#......w,,******** *,*
#.....,,,,,,,,,,,* ****,*
####.....***,******,* **,**,*
#.....#.#* *,******,* *,,,,,*
#.P§P§#.# *,**,,,,,* **,****
#§§§§.#.####.#*,***** *,*
#.P§P@.......#*,* *,*
#...§..l@#####*,* *,****
##.#...W..#* *,*** *,**,**
#.........#* *,*,**
*,*,,,**##.........#**,,,,*#####
**,,,,,,,,+.........'.,,,,,,.....
,,,,,,,***#...$.....###,,,,*#####
**,**,** ##.......##**,*,**
**,,*,* ##.(...##*,,,<,,* ***,*,*
**,,,** *,*,,,,*


You could see Terence, Thomus's ghost and a leopard gecko.

Vanquished Creatures
  Ijyb (D:2)
  3 adders (D:2)
  A gnoll (D:1)
  2 worms (D:2)
  4 dart slugs
  6 bats
  A giant cockroach (D:2)
  4 goblins
  14 hobgoblins
  4 jackals
  11 kobolds
  A quokka (D:2)
  4 ball pythons
  2 frilled lizards (D:2)
  3 rats
61 creatures vanquished.

Notes
Turn   | Place    | Note
-------+----------+-------------------------------------------
     0 | D:1      | empire the Mummy Conjurer began the quest for the Orb.
     0 | D:1      | Reached XP level 1. HP: 13/13 MP: 3/3
   286 | D:1      | Reached XP level 2. HP: 16/19 MP: 5/5
   958 | D:1      | Reached XP level 3. HP: 16/24 MP: 7/7
  2230 | D:2      | Learned a level 3 spell: Dazzling Spray
  2356 | D:2      | Noticed Ijyb
  2368 | D:2      | Killed Ijyb
  2368 | D:2      | Reached skill level 4 in Conjurations
  2368 | D:2      | Reached XP level 4. HP: 12/30 MP: 8/8
  2546 | D:2      | Learned a level 4 spell: Iskenderun's Mystic Blast
  2899 | D:2      | Found a faded altar of an unknown god.
  3394 | D:2      | Reached XP level 5. HP: 35/35 MP: 9/9
  3418 | D:2      | Found a stormy altar of Qazlal.
  3418 | D:2      | Noticed a water elemental
  3421 | D:2      | Noticed an air elemental
  3421 | D:2      | Noticed a fire elemental
  3655 | D:3      | Noticed a water moccasin
  3668 | D:3      | Found a basalt altar of Yredelemnul.
  3668 | D:3      | Noticed Terence
  3669 | D:3      | Noticed Thomus's ghost (amateur MiGl)
  3675 | D:3      | Slain by Thomus's ghost

Skill      XL: |  1  2  3 |
---------------+----------+-----
Spellcasting   | 3 |  3.3
Conjurations   | 4 |  4.6
Dodging        | |  1.5
Stealth        | |  1.5

Action                   |  1- 3 |  4- 6 || total
-------------------------+-------+-------++-------
Melee: Dagger            |    69 |    63 ||   132
       Club              |     4 |       ||     4
       Unarmed           |     4 |       ||     4
 Cast: Magic Dart        |    67 |     3 ||    70
  Use: Scroll            |       |     8 ||     8
 Stab: Sleeping          |     3 |     3 ||     6
Armor: Robe              |     9 |     7 ||    16
Dodge: Dodged            |    66 |    48 ||   114
